AoeStats
← Iamak3186

Arabia

503446132Analyzed
1v1 RM · 1mo ago on Aug 31, 2026· 60m 2s· 2 players
Game mode
Random Map
Map size
Tiny (2 player)
Population
200
Speed
Normal
Resources
Standard
Victory
Conquest
Starting age
Dark Age
Ending age
Imperial Age
RankedLock teamsTeams togetherTeam positionsShared explorationLock speedFull tech treeHidden civsTurbo modeCheats
Victory
Defeat
🇩🇪 Teutons · Germany
1364
+14
🇮🇳 Mongols · India
1325
-14
Iamak3186
5:34 Loom
7:49 Feudal Age
9:00 Double-Bit Axe
19:32 Castle Age
17:36 Horse Collar
17:52 Gold Mining
18:34 Bloodlines
18:45 Fletching
20:25 Bow Saw
20:14 Bodkin Arrow
30:52 Wheelbarrow
30:06 Town Watch
31:53 Padded Archer Armor
31:45 Light Cavalry
32:32 Scale Barding Armor
34:21 Chain Barding Armor
34:32 Ballistics
37:59 Imperial Age
36:28 Hand Cart
37:11 Thumb Ring
37:45 Husbandry
37:57 Forging
38:03 Leather Archer Armor
38:54 Bracer
40:04 Chemistry
38:27 Heavy Cavalry Archer
40:52 Heavy Camel Rider
44:58 Iron Casting
44:31 Heavy Plow
45:22 Conscription
57:00 Pikeman
57:40 Squires
57:49 Scale Mail Armor
pirate.king7
6:45 Loom
9:36 Feudal Age
10:16 Double-Bit Axe
10:36 Horse Collar
11:06 Town Watch
15:52 Wheelbarrow
20:29 Castle Age
18:22 Gold Mining
19:10 Scale Barding Armor
19:31 Forging
20:00 Bloodlines
21:26 Bow Saw
22:04 Heavy Plow
23:29 Chain Barding Armor
25:37 Padded Archer Armor
25:35 Fletching
26:43 Leather Archer Armor
27:21 Bodkin Arrow
27:25 Elite Skirmisher
29:07 Ballistics
33:51 Hand Cart
37:34 Imperial Age
37:37 Cavalier
38:54 Plate Barding Armor
39:51 Iron Casting
42:19 Paladin
48:11 Conscription
52:53 Crenellations
Connection lost

Rejoining the realm…

Still unreachable

The connection could not be restored.

Session expired

The server has moved on; the page needs a fresh start.